 Dungeon Crawl Stone Soup version 0.16.2-12-gd0ad4c3 (webtiles) character file.

3461 Walker517 the Ducker (level 9, -4/153 HPs)
             Began as a Black Draconian Ice Elementalist on Oct 12, 2015.
             Was a Believer of Elyvilon (penitent).
             Slain by a yak (6 damage)
             ... on level 9 of the Dungeon on Oct 13, 2015.
             The game lasted 02:30:49 (8727 turns).

Walker517 the Ducker (DrIE)                         Turns: 8727, Time: 02:30:49

Health: -4/153     AC: 24    Str: 20    XL:     9   Next: 78%
Magic:  17/21      EV:  2    Int: 15    God:    Elyvilon [*]
Gold:   539        SH:  0    Dex: 14    Spells: 4 memorised, 8 levels left

rFire  . . .     SeeInvis .     l - +2 dagger (elec)
rCold  . . .     Clarity  .     (armour unavailable)
rNeg   + + +     SustAb   .     (no shield)
rPois  +         Gourm    .     (helmet currently unavailable)
rElec  .         Spirit   .     J - melded +0 cloak
rCorr  .         Warding  .     (gloves currently unavailable)
rMut   .         NoTele   +     (boots currently unavailable)
MR     .....                    E - amulet of rage
Stlth  ..........               e - ring of teleportation
                                h - +3 ring of dexterity

@: berserking, tree-form, very slightly contaminated, hasted, very quick, not
resistant to hostile enchantments, extremely unstealthy
A: (breathe lightning), unfitting armour, screaming 1, (electricity resistance),
(cold-blooded), AC +7
a: Renounce Religion, Evoke Berserk Rage, Evoke Teleportation


You were on level 9 of the Dungeon.
You worshipped Elyvilon.
Elyvilon was demanding penance.
You were hungry.
You were a tree.
You visited 2 branches of the dungeon, and saw 10 of its levels.

You collected 539 gold pieces.

Inventory:

Hand weapons
 a - a +0 war axe
 d - a +0 hand axe
 k - a +0 whip
 l - a +2 dagger of electrocution (weapon)
 n - a +0 hunting sling
 p - a +0 trident
 t - a +1 dagger of venom
 u - a +0 shortbow
 w - a +0 long sword of slicing
Missiles
 g - a tomahawk (quivered)
 i - 113 arrows
 v - 6 needles of confusion
 y - 32 sling bullets
 K - 178 stones
 M - 4 arrows of flame
 T - 22 bolts
Armour
 A - a cursed +0 robe
 C - a +0 animal skin
 G - a +0 cloak
 J - a +0 cloak (melded)
Jewellery
 e - a ring of teleportation (right branch)
 h - a +3 ring of dexterity (left branch)
 E - an amulet of rage (around neck)
Magical devices
 o - a wand of digging (14)
 z - a wand of invisibility (0)
Scrolls
 m - 4 scrolls of recharging {unknown}
 q - a scroll of noise {unknown}
 r - a scroll of enchant armour {unknown}
 s - a scroll of acquirement {unknown}
 D - 2 scrolls of fear {unknown}
 O - 2 scrolls of amnesia
 W - a scroll of blinking {unknown}
 Z - a scroll of teleportation {unknown}
Potions
 f - a potion of restore abilities
 H - a potion of cure mutation
 L - a potion of agility {unknown}
 N - a potion of might
 S - a potion of magic
 X - a potion of flight
Books
 b - a book of Frost

   Spells                             Type                      Level
   a - Freeze                         Ice                          1
   b - Throw Frost                    Conjuration/Ice              2
   c - Ozocubu's Armour               Charms/Ice                   3
   d - Throw Icicle                   Conjuration/Ice              4
   e - Summon Ice Beast               Ice/Summoning                4
   f - Condensation Shield            Ice                          4
 x - a book of Enchantments

   Spells                             Type                      Level
   a - Tukima's Dance                 Hexes                        3
   b - Cause Fear                     Hexes                        4
   c - Silence                        Hexes/Air                    5
   d - Deflect Missiles               Charms/Air                   6
   e - Haste                          Charms                       6
   f - Discord                        Hexes                        8
Comestibles
 c - 2 bread rations
 j - 4 fruits
 F - 2 royal jellies
 R - a chunk of flesh


   Skills:
 - Level 2.4 Fighting
 * Level 4.2 Short Blades
 - Level 0.4 Maces & Flails
 - Level 4.0(5.2) Slings
 * Level 5.0(5.7) Throwing
 * Level 6.0 Dodging
 * Level 5.3 Stealth
 + Level 5.1 Spellcasting
 + Level 1.0 Conjurations
 * Level 2.6 Charms
 * Level 2.8 Summonings
 + Level 6.0 Ice Magic
 * Level 1.6 Invocations
 * Level 2.2 Evocations


You had 8 spell levels left.
You knew the following spells:

 Your Spells              Type           Power        Failure   Level  Hunger
a - Freeze                Ice            ###.         1%          1    None
b - Throw Frost           Conj/Ice       ##....       8%          2    ##.....
c - Ozocubu's Armour      Chrm/Ice       ###.....     10%         3    ###....
d - Summon Ice Beast      Ice/Summ       ###.....     28%         4    ####...


Dungeon Overview and Level Annotations

Branches:
Dungeon (9/15)             Temple (1/1) D:4
   Lair: D:8-11         Orc: D:9-12

Altars:
Ashenzari
Dithmenos
Elyvilon
Fedhas
Gozag
Kikubaaqudgha
Makhleb
Nemelex Xobeh
Okawaru
Qazlal
Ru
Sif Muna
Trog
Vehumet
Xom
Yredelemnul

Annotations:
D:7 SlimeFever's ghost, experienced FoFi


Innate Abilities, Weirdness & Mutations

((You can breathe wild blasts of lightning.))
((Your glossy black scales are hard (AC +7).))
Your body does not fit into most forms of armour.
((You are resistant to electric shocks.))
((Your cold-blooded metabolism reacts poorly to cold.))
You occasionally shout uncontrollably at your foes.


Message History

The creatures around you are filled with an inner flame!
You closely miss the yak.
The iguana bites you but does no damage.
The yak gores you but does no damage. x2
Read which item? (? for menu, Esc to quit)
As you read the scroll of random uselessness, it crumbles to dust.
Your +2 dagger of electrocution glows faint purple for a moment.
The iguana bites you but does no damage.
The yak gores you but does no damage. x2
Drink which item? (? for menu, Esc to quit)
You feel yourself speed up. The iguana bites you!
* * * LOW HITPOINT WARNING * * *
The yak gores you but does no damage. x2
You are very lightly contaminated with residual magic.
Use which ability? (? or * to list)
A red film seems to cover your vision as you go berserk!
You feel yourself moving faster!
You feel mighty!
The iguana bites you but does no damage.
The yak gores you.
You die...

...+....# ................#..
##'#....#######..............## .
.......##....##...##....##...# ..
.......#.....##...# ###'##...##..
.......'..........##....##.......
.......#................#........
.......###...###'###.(..'....##..
#'###....#...##...##....##...##..
....#....'......♣Y#####'##.......
#...#....#.....YlY#.....##...##..
#...+....#......Y.'.....##...# .
+...#....#.....)..#.......%..##
#...#... ##+###...##....##....#
#...# #...##....##....# #...#
......+..........# #...#
.####+##..........# '...+
#...####†###....#


You could see 4 yaks and an iguana (inner flame).

Vanquished Creatures
  A deep elf mage (D:9)
  A wyvern (D:9)
  Eustachio (D:4)
  2 hippogriffs (D:8)
  The ghost of Typee the Slasher, an average HEWr of Zin (D:4)
  A water moccasin (D:7)
  A sky beast (D:6)
  2 ice beasts
  A wasp (D:9)
  3 ogres
  2 black bears
  3 centaurs (D:6)
  5 giant frogs
  A water moccasin skeleton (D:6)
  A water moccasin zombie (D:7)
  3 hounds
  6 crimson imps
  2 quasits
  A giant frog zombie (D:7)
  2 giant frog skeletons (D:7)
  An orc wizard (D:5)
  4 iguanas
  7 worker ants
  A killer bee zombie (D:9)
  Robin (D:2)
  4 gnolls (D:7)
  A shadow imp (D:4)
  9 adders
  2 giant mites
  A river rat (D:4)
  4 worms
  An adder skeleton (D:4)
  8 giant geckos
  3 oozes (D:4)
  13 orcs
  2 bat zombies (D:5)
  23 goblins
  16 hobgoblins
  11 jackals
  14 kobolds
  A ball python (D:7)
  16 bats
  3 giant cockroaches
  4 giant newts
  A gnoll zombie (D:4)
  A quokka skeleton (D:6)
  19 rats
211 creatures vanquished.

Vanquished Creatures (collateral kills)
  A gnoll zombie (D:4)
  A rat (D:2)
2 creatures vanquished.

Vanquished Creatures (others)
  An ice beast (D:5)
1 creature vanquished.

Grand Total: 214 creatures vanquished

Notes
Turn   | Place    | Note
--------------------------------------------------------------
     0 | D:1      | Walker517, the Draconian Ice Elementalist, began the quest for the Orb.
     0 | D:1      | Reached XP level 1. HP: 14/14 MP: 3/3
   260 | D:1      | Reached XP level 2. HP: 10/20 MP: 0/4
   595 | D:1      | Reached XP level 3. HP: 18/26 MP: 6/6
  1011 | D:2      | Noticed Robin
  1033 | D:1      | Reached skill level 1 in Throwing
  1180 | D:1      | Learned a level 2 spell: Throw Frost
  1184 | D:1      | Learned a level 3 spell: Ozocubu's Armour
  1246 | D:1      | Reached skill level 4 in Dodging
  1246 | D:1      | Reached skill level 5 in Ice Magic
  1246 | D:1      | Reached XP level 4. HP: 11/37 MP: 7/11
  1599 | D:2      | Killed Robin
  1653 | D:2      | Reached XP level 5. HP: 42/42 MP: 9/13
  1661 | D:2      | Learned a level 4 spell: Summon Ice Beast
  2231 | D:3      | Found a burning altar of Makhleb.
  2296 | D:3      | Noticed an ice beast
  2339 | D:3      | Killed an ice beast
  3075 | D:4      | Found a basalt altar of Yredelemnul.
  3259 | D:4      | Noticed Eustachio
  3296 | D:4      | Killed Eustachio
  3296 | D:4      | Reached XP level 6. HP: 47/50 MP: 2/15
  3297 | D:4      | Noticed Typee's ghost (average HEWr)
  3329 | D:4      | Killed Typee's ghost
  3405 | D:4      | Found a staircase to the Ecumenical Temple.
  3413 | D:4      | Your scales start taking on a glossy black colour.
  3413 | D:4      | Gained mutation: You are resistant to electric shocks. [draconian maturity]
  3413 | D:4      | Reached XP level 7. HP: 53/56 MP: 15/17
  3808 | D:4      | Found a shimmering altar of Xom.
  3808 | D:4      | Found a shimmering altar of Xom.
  3809 | D:4      | Found a shimmering altar of Xom.
  3809 | D:4      | Found a shimmering altar of Xom.
  3813 | D:4      | Found a shimmering altar of Xom.
  3813 | D:4      | Found a shimmering altar of Xom.
  3973 | Temple   | Entered the Ecumenical Temple
  4022 | Temple   | Became a worshipper of Elyvilon the Healer
  4051 | D:5      | Entered Level 5 of the Dungeon
  4616 | D:5      | Reached XP level 8. HP: 62/62 MP: 5/18
  4625 | D:5      | Reached skill level 5 in Dodging
  4871 | D:5      | Acquired Elyvilon's first power
  4910 | D:5      | Found an ancient bone altar of Kikubaaqudgha.
  4916 | D:5      | Found a blossoming altar of Fedhas.
  5300 | D:6      | Gained mutation: You occasionally shout uncontrollably at your foes. [mutagenic meat]
  6194 | D:6      | Found a shadowy altar of Dithmenos.
  6196 | D:6      | Found a sparkling altar of Nemelex Xobeh.
  6199 | D:6      | Found a radiant altar of Vehumet.
  6214 | D:6      | Found a deep blue altar of Sif Muna.
  6228 | D:6      | Found an iron altar of Okawaru.
  6398 | D:6      | Reached skill level 5 in Stealth
  6398 | D:6      | Reached skill level 1 in Evocations
  6450 | D:7      | Reached XP level 9. HP: 63/68 MP: 20/20
  6624 | D:7      | Noticed SlimeFever's ghost (experienced FoFi)
  7098 | D:7      | Reached skill level 1 in Invocations
  7330 | D:8      | Found an opulent altar of Gozag.
  7461 | D:8      | Acquired Elyvilon's second power
  8162 | D:9      | Found Faneizxi's Food Emporium.
  8545 | D:9      | Reached skill level 5 in Spellcasting
  8568 | D:9      | Reached skill level 6 in Ice Magic
  8682 | D:9      | Found a bloodstained altar of Trog.
  8688 | D:9      | Reached skill level 5 in Throwing
  8705 | D:9      | Was placed under penance by Elyvilon
  8726 | D:9      | HP: 1/102 [iguana (7)]
  8727 | D:9      | Slain by a yak

Action                   |  1- 3 |  4- 6 |  7- 9 || total
-------------------------+-------+-------+-------++-------
Melee: Club              |    31 |       |       ||    31
       Unarmed           |     3 |       |       ||     3
       Dagger            |    17 |    37 |   335 ||   389
       Hunting sling     |     2 |       |       ||     2
 Fire: Hunting sling     |    45 |   127 |       ||   172
Throw: Stone             |       |    18 |    61 ||    79
       Tomahawk          |       |       |    75 ||    75
 Cast: Freeze            |    41 |     4 |   102 ||   147
       Throw Frost       |       |    11 |       ||    11
       Ozocubu's Armour  |       |     1 |       ||     1
       Summon Ice Beast  |       |     5 |     1 ||     6
Invok: Divine Protection |       |       |     2 ||     2
       Lesser Healing    |       |       |     1 ||     1
 Abil: Breathe Lightning |       |       |     3 ||     3
       Evoke Berserk Rag |       |       |     1 ||     1
  Use: Scroll            |     3 |     2 |    13 ||    18
       Potion            |     1 |     1 |     6 ||     8
 Stab: Sleeping          |     1 |       |     1 ||     2
       Distracted        |       |     1 |       ||     1
  Eat: Chunk             |     2 |     7 |     8 ||    17
       Pizza             |       |     1 |       ||     1
       Bread ration      |       |       |     2 ||     2
       Beef jerky        |       |       |     1 ||     1
